Map: Old Estate

Players

DarkLord

  • Race: Zerg Zerg
  • Spawn Location: 9:00

LOUNETCO

  • Race: Protoss Protoss
  • League: Platinum
  • Spawn Location: 7:00

fred

  • Race: Protoss Protoss
  • Spawn Location: 7:00

KURUMIN

  • Race: Zerg Zerg
  • Spawn Location: 7:00

irvinz

  • Race: Zerg Zerg
  • Spawn Location: 1:00

bertman

  • Race: Terran Terran
  • Spawn Location: 1:00

rod

  • Race: Terran Terran
  • Spawn Location: 3:00

BlueHawk

  • Race: Terran Terran
  • League: Silver
  • Spawn Location: 3:00

VOD

Have the link to the VOD?

Description

Time

  • Played on: Aug. 1, 2018, 10:37 p.m.
  • Length: 9:37
Show
View Real Time Build Order
Export as new Build Order

DarkLord Zerg 

Build Orders: Pool First, Lurkers 

Get SALT Encoding   

  12  0:03  Drone  
  13  0:16  Overlord  
  13  0:20  Drone  
  14  0:34  Drone  
  14  0:35  Drone  
  16  0:38  Drone  
  17  0:49  Drone  
  18  0:53  Spawning Pool  
  18  0:55  Extractor  
  18  0:57  Extractor  
  15  1:00  Drone  
  16  1:11  Drone  
  17  1:21  Drone  
  18  1:32  Drone  
  19  1:41  Lair  
  19  1:42  Drone  
  20  1:53  Drone  
  21  2:04  Drone  
  22  2:15  Overlord  
  22  2:36  Drone  
  23  2:41  Hydralisk Den  
  23  2:42  Drone  
  23  2:48  Spore Crawler  
  23  2:49  Drone  
  23  2:56  Nydus Network  
  23  2:57  Queen  
  23  2:58  Overlord  
  24  3:19  Lurker Den, Overlord  
  23  3:26  Hydralisk  
  25  3:39  Hydralisk  
  27  3:42  Hydralisk  
  29  3:53  Hydralisk  
  31  4:06  Hydralisk x3  
  37  4:23  Overlord x2  
  37  4:33  Hatchery  
  36  4:45  Lurker x2  
  38  4:50  Lurker  
  40  4:52  Lurker  
  40  5:01  Hydralisk  
  42  5:22  Nydus Canal  
  42  5:27  Drone x2  
  44  5:29  Drone  
  37  6:45  Queen  
  37  6:46  Drone x3  
  37  6:47  Drone x6  
  48  7:05  Nydus Canal  
  48  7:33  Hydralisk  
  48  7:34  Hydralisk x7  
  64  7:41  Spore Crawler  
  63  7:44  Extractor  
  63  7:47  Extractor  
  61  8:07  Nydus Canal  
  55  8:53  Nydus Canal  
  55  9:00  Hydralisk  
  55  9:01  Hydralisk x4  
  59  9:04  Overlord x4  
  49  9:25  Nydus Canal  
Show
View Real Time Build Order
Export as new Build Order

LOUNETCO Protoss 

Build Orders: Dark Templar Rush 

Get SALT Encoding   

  12  0:02  Probe  
  13  0:28  Probe  
  14  0:31  Pylon  
  14  0:33  Assimilator  
  14  0:40  Probe  
  15  0:50  Probe  
  15  0:51  Gateway  
  16  0:58  Probe  
  17  1:06  Probe  
  18  1:19  Probe  
  18  1:23  Assimilator  
  19  1:39  Probe  
  19  1:46  Cybernetics Core  
  20  1:47  Probe  
  20  1:52  Pylon  
  21  2:03  Probe  
  22  2:09  Nexus  
  22  2:11  Probe  
  23  2:26  Probe, Twilight Council  
  24  2:38  Probe  
  25  2:49  Warp Gate  
  25  2:51  Probe  
  26  3:00  Pylon  
  26  3:03  Probe  
  27  3:09  Dark Shrine, Gateway  
  27  3:21  Gateway  
  27  3:24  Probe  
  28  3:27  Probe  
  29  3:37  Assimilator  
  29  3:41  Probe  
  29  3:42  Assimilator  
  29  3:44  Probe  
  31  3:53  Probe  
  32  3:56  Probe  
  32  4:01  Robotics Facility  
  33  4:05  Probe x2  
  35  4:13  Probe  
  35  4:18  Probe  
  35  4:21  Gateway  
  37  4:36  Gateway  
  37  4:38  Probe x2  
  39  4:48  Warp Prism  
  39  4:50  Probe x2  
  43  5:03  Probe  
  43  5:06  Probe  
  45  5:11  Probe  
  45  5:18  Templar Archives, Probe  
  45  5:21  Probe  
  48  5:30  Probe  
  48  5:32  Nexus  
  48  5:33  Probe  
  50  5:42  Probe  
  50  6:13  Gateway  
  50  6:16  Warp Prism, Pylon, Gateway  
  50  6:17  Pylon  
  52  6:18  Pylon  
  52  6:19  Pylon  
  52  6:23  Psionic Storm  
  52  6:27  Assimilator  
  52  6:31  Dark Templar  
  52  6:32  Assimilator  
  54  6:36  Dark Templar  
  54  6:37  Dark Templar  
  54  6:38  Dark Templar  
  60  6:46  Probe x3  
  63  6:58  Probe x3  
  66  7:10  Probe  
  66  7:11  Probe x2  
  69  7:19  Dark Templar x2  
  69  7:20  Dark Templar x3  
  69  7:22  Probe  
  80  7:23  Probe x2  
  82  7:34  Probe  
  82  7:35  Probe x2  
  85  7:58  Dark Templar x2  
  85  7:59  Dark Templar x3  
  87  8:32  Dark Templar x5  
  77  9:02  Dark Templar x4  
  83  9:03  Dark Templar x2  
  83  9:04  Dark Templar  
  91  9:12  Archon x2  
  91  9:13  Archon x3  
  67  9:37  Dark Templar x2  
Show
View Real Time Build Order
Export as new Build Order

fred Protoss 

Build Orders: Nexus First, Carrier Rush 

Get SALT Encoding   

  12  0:01  Probe  
  13  0:09  Probe  
  14  0:17  Probe  
  15  0:52  Nexus  
  15  0:57  Pylon  
  15  1:08  Assimilator  
  15  1:15  Probe  
  16  1:21  Gateway  
  16  1:24  Probe  
  16  1:32  Probe  
  17  1:36  Assimilator  
  18  1:41  Probe  
  19  1:53  Probe  
  20  2:01  Probe  
  20  2:05  Probe  
  22  2:09  Probe  
  22  2:12  Cybernetics Core  
  23  2:16  Forge  
  23  2:18  Probe  
  23  2:19  Probe  
  23  2:22  Pylon  
  25  2:29  Probe  
  25  2:31  Probe  
  27  2:37  Probe  
  27  2:43  Probe  
  29  2:46  Probe  
  29  2:48  Pylon  
  30  2:55  Probe  
  30  2:57  Stargate  
  31  3:02  Probe  
  31  3:03  Probe  
  32  3:10  Assimilator  
  32  3:11  Probe  
  32  3:12  Probe  
  33  3:16  Photon Cannon  
  35  3:20  Probe  
  35  3:27  Pylon  
  36  3:28  Probe  
  36  3:31  Assimilator  
  36  3:32  Probe  
  38  3:40  Probe  
  39  3:45  Probe  
  40  3:52  Probe  
  40  3:55  Fleet Beacon  
  41  3:57  Probe  
  41  4:02  Stargate  
  42  4:06  Stargate  
  42  4:12  Pylon, Probe  
  43  4:19  Carrier  
  43  4:20  Probe  
  43  4:23  Photon Cannon  
  43  4:30  Probe  
  45  4:44  Carrier  
  57  5:05  Nexus  
  57  5:09  Pylon  
  57  5:12  Pylon, Carrier  
  57  5:16  Pylon  
  57  5:18  Assimilator  
  57  5:22  Assimilator  
  63  5:31  Graviton Catapult  
  63  5:43  Photon Cannon  
  63  5:48  Shield Battery  
  63  5:50  Photon Cannon  
  63  5:52  Photon Cannon  
  63  5:56  Carrier  
  63  5:59  Probe  
  64  6:05  Probe  
  71  6:12  Probe  
  71  6:17  Probe  
  73  6:23  Protoss Air Weapons Level 1  
  73  6:24  Protoss Shields Level 1, Probe  
  74  6:29  Probe  
  75  6:36  Cybernetics Core  
  75  6:39  Twilight Council  
  75  6:40  Pylon  
  75  6:44  Pylon  
  75  6:45  Pylon  
  75  6:56  Carrier  
  75  6:59  Probe  
  82  7:12  Probe  
  83  7:19  Protoss Air Armor Level 1  
  83  7:21  Carrier  
  83  7:24  Probe  
  90  7:36  Probe  
Show
View Real Time Build Order
Export as new Build Order

KURUMIN Zerg 

Build Orders: Hatch First 

Get SALT Encoding   

  12  0:03  Drone  
  13  0:11  Drone  
  14  0:26  Overlord  
  14  0:44  Drone x3  
  17  0:58  Drone  
  17  1:01  Hatchery  
  17  1:03  Extractor  
  16  1:06  Drone  
  17  1:25  Drone  
  18  1:29  Spawning Pool  
  18  1:30  Drone  
  18  1:40  Drone  
  19  1:49  Drone  
  20  1:54  Extractor  
  20  1:59  Drone  
  20  2:10  Drone  
  21  2:21  Evolution Chamber  
  21  2:22  Spine Crawler  
  19  2:26  Zergling x2  
  19  2:27  Zergling x4, Queen  
  24  2:39  Spine Crawler  
  24  2:42  Drone x2  
  25  2:56  Drone x2, Spine Crawler  
  25  2:58  Drone  
  27  3:08  Drone  
  27  3:09  Overlord  
  28  3:21  Metabolic Boost  
  28  3:31  Queen  
  30  3:34  Spore Crawler  
  29  3:45  Drone x4  
  33  4:06  Spore Crawler  
  33  4:09  Lair  
  32  4:12  Drone x4  
  36  4:34  Overlord x2  
  36  4:37  Extractor  
  35  4:41  Extractor  
  35  4:43  Zerg Ground Armor Level 1  
  34  4:50  Drone x2  
  34  4:52  Drone x5  
  41  5:05  Roach Warren  
  40  5:11  Spine Crawler  
  39  5:17  Drone x4  
  39  5:18  Drone  
  39  5:19  Drone  
  45  5:33  Drone x4  
  45  5:34  Drone  
  45  5:35  Hydralisk Den, Overseer  
  49  5:56  Hatchery  
  48  6:29  Overlord x4  
  48  6:49  Pneumatized Carapace  
  48  6:53  Drone x7  
  48  6:54  Drone x4  
  57  7:01  Extractor  
  58  7:03  Zerg Melee Weapons Level 1  
  58  7:06  Extractor  
  58  7:07  Glial Reconstitution  
  55  7:40  Spore Crawler  
  55  7:42  Spore Crawler, Queen  
  54  7:49  Queen  
  54  7:50  Hydralisk  
  54  7:51  Spore Crawler, Hydralisk x8  
  58  7:52  Hydralisk  
  75  8:18  Spore Crawler  
  75  8:19  Spore Crawler  
  73  8:34  Overseer  
  73  8:35  Overseer  
  73  8:45  Hydralisk x4  
  73  8:47  Overlord x3  
  73  8:48  Overlord  
  99  9:25  Overseer x2  
Show
View Real Time Build Order
Export as new Build Order

irvinz Zerg 

Build Orders: Hatch First 

Get SALT Encoding   

  12  0:01  Drone  
  13  0:10  Drone  
  14  0:17  Overlord  
  14  0:46  Hatchery  
  13  0:50  Drone  
  13  0:53  Drone  
  15  0:58  Drone  
  15  1:03  Drone  
  17  1:13  Drone  
  18  1:25  Spawning Pool  
  17  1:27  Drone  
  18  1:33  Drone  
  19  1:46  Drone  
  20  1:57  Hatchery  
  20  2:01  Drone  
  20  2:03  Extractor  
  20  2:07  Drone  
  20  2:13  Drone  
  22  2:22  Drone  
  22  2:23  Drone x2  
  24  2:31  Drone  
  24  2:32  Drone  
  26  2:37  Drone  
  27  2:45  Drone  
  28  2:54  Drone  
  28  2:55  Overlord  
  28  3:08  Drone, Queen  
  28  3:09  Drone  
  28  3:10  Queen  
  28  3:11  Overlord  
  34  3:13  Drone  
  34  3:15  Drone  
  34  3:18  Metabolic Boost  
  34  3:19  Drone  
  37  3:24  Queen  
  37  3:27  Drone  
  40  3:28  Drone  
  40  3:31  Extractor  
  40  3:35  Drone x2  
  40  3:38  Drone  
  40  3:41  Drone  
  44  3:42  Overlord  
  45  3:48  Drone  
  45  3:51  Drone  
  45  3:53  Lair  
  45  3:54  Drone  
  47  3:56  Drone  
  47  4:02  Overlord  
  48  4:03  Drone  
  48  4:08  Drone  
  48  4:09  Extractor  
  49  4:13  Overlord  
  49  4:15  Drone, Extractor  
  49  4:17  Drone, Extractor  
  49  4:18  Overlord  
  49  4:19  Drone  
  49  4:21  Drone  
  49  4:22  Drone x3  
  54  4:24  Drone  
  54  4:26  Extractor  
  54  4:27  Drone  
  54  4:30  Drone  
  56  4:32  Drone  
  56  4:33  Drone x2  
  56  4:36  Drone  
  56  4:37  Drone  
  61  4:41  Drone  
  62  4:47  Drone  
  62  4:49  Drone  
  64  4:53  Drone x2  
  64  4:54  Drone x3  
  64  4:55  Drone x2  
  71  5:02  Drone x2, Spire  
  71  5:04  Drone  
  74  5:07  Drone, Evolution Chamber  
  74  5:08  Evolution Chamber  
  72  5:26  Overlord  
  72  5:29  Hatchery  
  72  5:31  Drone x2  
  72  5:32  Drone  
  74  5:38  Zerg Melee Weapons Level 1  
  74  5:47  Zergling x8  
  74  5:48  Zergling x8  
  82  5:54  Overlord x2  
  82  5:57  Overseer  
  82  6:00  Overseer  
  82  6:14  Mutalisk, Overlord x2  
  82  6:15  Mutalisk x7  
  98  6:38  Mutalisk x4  
  98  6:39  Mutalisk x4  
  106  6:52  Overlord x2  
  106  6:53  Overlord x2  
  106  6:54  Zerg Ground Armor Level 1, Overlord  
  106  7:18  Zergling x10  
  106  7:19  Zergling x2  
  106  7:20  Hatchery  
  111  7:26  Mutalisk x2  
  111  7:27  Drone x2  
  111  7:28  Drone  
  118  7:34  Spine Crawler  
  117  7:42  Overseer  
  117  7:50  Mutalisk  
  117  7:51  Mutalisk  
  119  7:57  Drone x3, Zergling x2  
  119  7:58  Drone x4, Zergling x4  
  125  8:09  Overseer  
  113  8:31  Mutalisk x2  
  113  8:32  Mutalisk x4  
Show
View Real Time Build Order
Export as new Build Order

bertman Terran 

Build Orders:  

Get SALT Encoding   

  12  0:03  SCV  
  13  0:17  Supply Depot  
  13  0:18  SCV  
  14  0:40  Barracks  
  14  0:41  SCV  
  15  0:55  SCV  
  16  1:08  Barracks, SCV  
  17  1:20  SCV  
  18  1:32  Marine, SCV  
  20  1:42  Refinery  
  20  1:44  SCV  
  21  1:50  Marine  
  22  1:56  Marine  
  23  2:04  Supply Depot  
  23  2:25  Marine x2, SCV  
  23  2:28  Supply Depot  
  26  2:43  Marine x2  
  28  2:50  Factory, Supply Depot  
  28  2:51  SCV  
  29  2:59  Refinery  
  29  3:01  Marine x2  
  29  3:03  SCV  
  32  3:12  Supply Depot  
  32  3:19  Marine x2  
  34  3:36  Marine x2  
  36  3:54  Marine x2, Factory Tech Lab  
  38  4:00  Starport  
  38  4:12  Marine x2  
  38  4:14  Barracks  
  40  4:30  Marine x2  
  42  4:39  Starport Tech Lab  
  42  4:48  Marine x2  
  44  5:03  Barracks  
  44  5:06  Marine x2  
  46  5:12  Command Center  
  46  5:17  Medivac  
  48  5:23  Marine x2, Reaper  
  51  5:41  Marine x2  
  52  5:55  Reaper  
  49  5:59  Marine x2  
  40  6:17  Reaper  
  28  6:19  Reaper x2  
  27  6:55  Command Center  
  10  8:06  Reaper x4  
  14  8:38  Marine  
  14  8:39  Reaper  
  14  8:40  SCV  
Show
View Real Time Build Order
Export as new Build Order

rod Terran 

Build Orders:  

Get SALT Encoding   

  12  0:02  SCV  
  13  0:14  SCV  
  14  0:25  Supply Depot  
  14  0:26  SCV  
  15  0:33  Refinery  
  15  0:47  SCV  
  16  0:51  Barracks  
  16  0:59  Refinery, SCV  
  17  1:11  SCV  
  18  1:25  SCV  
  19  1:39  Command Center  
  19  1:45  SCV  
  20  1:50  Marine  
  21  2:07  Marine  
  22  2:13  Orbital Command  
  22  2:25  Marine  
  23  2:36  Barracks  
  23  2:43  Engineering Bay  
  24  2:51  SCV  
  24  3:03  SCV  
  24  3:04  Barracks Tech Lab  
  25  3:18  Factory  
  25  3:21  SCV  
  26  3:29  Orbital Command  
  26  3:34  Marine x2  
  28  3:46  Terran Infantry Weapons Level 1  
  28  3:49  Combat Shields  
  28  3:52  Marine x2  
  30  4:10  Marine  
  30  4:13  Starport  
  31  4:33  Marine  
  31  4:35  Reaper  
  33  4:51  Marine  
  34  4:55  Refinery  
  34  5:03  Medivac  
  36  5:07  Factory Tech Lab, Reaper  
  36  5:08  Refinery  
  36  5:09  Marine  
  38  5:40  Terran Infantry Armor Level 1  
  38  5:45  Supply Depot  
  38  5:53  Supply Depot  
  38  6:07  Marine x2, SCV  
  38  6:09  Sensor Tower, Supply Depot  
  41  6:16  Supply Depot  
  41  6:19  SCV  
  41  6:24  Marine  
  41  6:25  Marine  
  44  6:31  SCV  
  45  6:39  Missile Turret  
  45  6:42  Marine x2  
  45  6:43  SCV  
  48  6:55  SCV  
  48  7:00  Marine x2  
  51  7:18  Marine x2  
  52  7:34  Building Armor  
  52  7:36  Marine x2  
  47  7:54  Marine x2  
  43  8:11  Marine x2  
  21  8:29  Marine x2  
  23  8:36  Sensor Tower  
  20  8:44  Cyclone  
  20  8:47  Marine  
Show
View Real Time Build Order
Export as new Build Order

BlueHawk Terran 

Build Orders:  

Get SALT Encoding   

  12  0:01  SCV  
  13  0:13  SCV  
  14  0:26  SCV  
  15  0:32  Supply Depot  
  15  0:35  Refinery  
  15  0:38  Refinery  
  15  0:53  SCV  
  16  0:59  Barracks  
  16  1:44  Command Center  
  16  1:52  SCV  
  17  2:16  Factory  
  17  2:30  SCV  
  18  2:43  SCV  
  19  2:49  Barracks Tech Lab  
  19  3:01  Engineering Bay  
  19  3:05  Armory  
  19  3:15  Starport  
  19  3:16  SCV  
  20  3:21  SCV  
  21  3:35  Factory Tech Lab  
  21  3:52  SCV x2  
  21  3:55  Barracks Tech Lab  
  23  4:09  SCV  
  24  4:10  SCV, Factory Tech Lab  
  24  4:11  Fusion Core  
  25  4:17  Refinery  
  25  4:26  Orbital Command  
  25  4:45  Orbital Command  
  25  4:52  Starport  
  25  4:54  SCV  
  26  5:13  Battlecruiser  
  32  5:15  SCV  
  32  5:18  SCV  
  34  5:43  Supply Depot  
  34  6:05  Battlecruiser  
  34  6:10  SCV x2  
  42  6:18  Starport  
  42  6:22  SCV  
  42  6:25  SCV  
  44  6:34  SCV  
  44  6:37  SCV  
  44  6:38  Supply Depot  
  46  6:40  Supply Depot  
  46  6:41  Supply Depot  
  46  7:00  Battlecruiser  
  52  7:05  Battlecruiser  
  52  7:07  SCV x2  
  28  8:20  Command Center  
  27  8:52  Command Center  
Tags
 
Add a new tag
Caveats
  • Supply blocks, unpowered buildings, or Contaminate may cause inaccurate times.
  • Supply counts are checked every 10 seconds.